 Dungeon Crawl Stone Soup version 0.20-a0-454-g2b43fbb (console) character file.

67 Lordarticus the Grave Robber (level 3, -3/24 HPs)
             Began as a Vampire Necromancer on Jan 10, 2017.
             Slain by a gnoll
             ... wielding a +0 spear
              (4 damage)
             ... on level 2 of the Dungeon.
             The game lasted 00:06:39 (1801 turns).

Lordarticus the Grave Robber (Vampire Necromancer)  Turns: 1801, Time: 00:06:40

Health: -3/24      AC:  2    Str:  7    XL:     3   Next: 98%
Magic:  6/6        EV: 13    Int: 17    God:
Gold:   48         SH:  0    Dex: 15    Spells: 1/6 levels left

rFire  . . .     SeeInvis +     k - +0 dagger (speed)
rCold  + . .     Gourm    .     a - +0 robe
rNeg   + + .     Faith    .     (no shield)
rPois  +         Spirit   .     (no helmet)
rElec  .         Reflect  .     (no cloak)
rCorr  .         Harm     .     (no gloves)
MR     .....                    (no boots)
Stlth  ++++......               (no amulet)
                                (no ring)
                                (no ring)

@: regenerating slowly
A: fangs 3, see invisible, unbreathing
a: Bat Form


You were on level 2 of the Dungeon.
You were near bloodless.

You visited 1 branch of the dungeon, and saw 2 of its levels.

You collected 48 gold pieces.

Inventory:

Hand Weapons
 f - a +0 dagger
 k - a +0 dagger of speed (weapon)
Armour
 a - a +0 robe (worn)
Scrolls
 d - 2 scrolls of remove curse {unknown}
 e - a scroll of identify {unknown}
 g - 2 scrolls of recharging {unknown}
 h - a scroll of amnesia {unknown}
 q - 3 scrolls of fog {unknown}
Potions
 c - 8 potions of blood
 i - a potion of flight {unknown}
 j - a potion of curing {unknown}
 l - a potion of brilliance {unknown}
 m - 2 potions of degeneration {unknown}
 n - a potion of haste {unknown}
 o - a potion of heal wounds {unknown}
 p - a potion of agility {unknown}
 r - a potion of cancellation {unknown}
Books
 b - a book of Necromancy

   Spells                             Type                      Level
   a - Pain                           Necromancy                   1
   b - Animate Skeleton               Necromancy                   1
   c - Vampiric Draining              Necromancy                   3
   d - Regeneration                   Charms/Necromancy            3
   e - Animate Dead                   Necromancy                   4
   f - Control Undead                 Necromancy                   4


   Skills:
 * Level 2.1 Short Blades
 - Level 2.1 Dodging
 * Level 4.6 Stealth
 - Level 2.0 Spellcasting
 - Level 5.0 Necromancy


You had one spell level left.
You knew the following spells:

 Your Spells              Type           Power        Failure   Level  Hunger
a - Pain                  Necr           ###.         2%          1    #......
b - Animate Skeleton      Necr           N/A          2%          1    #......
c - Vampiric Draining     Necr           ###.......   10%         3    ###....


Dungeon Overview and Level Annotations

Branches:
Dungeon (2/15)

Altars:


Innate Abilities, Weirdness & Mutations

You heal slowly.
You have razor-sharp teeth.
You have supernaturally acute eyesight. (SInv)
You can survive without breathing.


Message History

The gnoll hits your kobold skeleton with a spear.
Your hobgoblin skeleton hits the gnoll.
Your kobold skeleton closely misses the gnoll.
The gnoll hits your kobold skeleton with a spear.
Your hobgoblin skeleton misses the gnoll.
Your kobold skeleton hits the gnoll.
The gnoll hits your kobold skeleton with a spear!
Your kobold skeleton is destroyed!
The gnoll shouts!
Your hobgoblin skeleton hits the gnoll.
The gnoll dies!
The gnoll barely misses you.
The gnoll hits you from afar with a halberd!
* * * LOW HITPOINT WARNING * * *
The gnoll hits you with a spear.
* * * LOW HITPOINT WARNING * * *
The gnoll barely misses you.
You see here a spear.
The gnoll hits you from afar with a spear.
You die...

##########.#
.Z.......#.#
##.#####.#.# #.# #.#.#
##.#####.#.########.##
......................
#....%........gg##
#..#####.#.####)##
#.%# #.#.###.Z@##
#.<#####.#)##.....#.#
.........#.#........#
#..#######.##.....###
#..# #...<....# #..#
######.#.# #..# ###.#
...########## .#
#...........# .#


You could see 2 gnolls and a friendly hobgoblin skeleton.

Vanquished Creatures
  3 adders (D:2)
  An ooze (D:2)
  A dart slug (D:1)
  A leopard gecko (D:1)
  6 bats (D:1)
  5 hobgoblins
  3 kobolds
  4 goblins
  3 rats (D:1)
27 creatures vanquished.

Vanquished Creatures (collateral kills)
  A gnoll (D:2)
  A hobgoblin (D:1)
  2 rats (D:1)
4 creatures vanquished.

Grand Total: 31 creatures vanquished

Notes
Turn   | Place    | Note
-------+----------+-------------------------------------------
     0 | D:1      | Lordarticus the Vampire Necromancer began the quest for the Orb.
     0 | D:1      | Reached XP level 1. HP: 13/13 MP: 3/3
     2 | D:1      | Learned a level 1 spell: Animate Skeleton
   414 | D:1      | Reached XP level 2. HP: 12/19 MP: 0/5
   572 | D:1      | Reached skill level 5 in Necromancy
  1276 | D:1      | Reached skill level 1 in Short Blades
  1446 | D:2      | Reached XP level 3. HP: 22/24 MP: 2/6
  1511 | D:2      | Learned a level 3 spell: Vampiric Draining
  1800 | D:2      | HP: 1/24 [gnoll/spear (5)]
  1801 | D:2      | Slain by a gnoll

Vault maps used:
D:1:      eino_arrival_water_cross

Skill      XL: |  1  2  3 |
---------------+----------+-----
Necromancy     | 5 |  5.0
Short Blades   | 1 2 |  2.1
Stealth        | 4 |  4.6
Dodging        | |  2.1
Spellcasting   | |  2.0

Action                   || total
-------------------------++-------
Melee: Dagger            ||    49
       Unarmed           ||     3
       Bite              ||     2
 Cast: Pain              ||    28
       Animate Skeleton  ||     7
       Vampiric Draining ||     1
 Stab: Sleeping          ||     6
Armor: Robe              ||    16
Dodge: Dodged            ||    43
